 Dungeon Crawl Stone Soup version 0.22.1-2-g9c5b331383 (webtiles) character file.

109 Forgol the Covered (level 4, -1/34 HPs)
             Began as a Gnoll Wanderer on Dec 24, 2018.
             Was an Initiate of Makhleb.
             Slain by an adder (2 damage)
             ... on level 3 of the Dungeon.
             The game lasted 00:09:33 (2319 turns).

Forgol the Covered (Gnoll Wanderer)                 Turns: 2319, Time: 00:09:34

Health: -1/34      AC:  9    Str: 19    XL:     4   Next: 90%
Magic:  8/8        EV: 10    Int: 12    God:    Makhleb [......]
Gold:   73         SH:  0    Dex: 13    Spells: 9/9 levels left

rFire    . . .     SeeInvis .   t - +0 hunting sling
rCold    . . .     Gourm    .   (no shield)
rNeg     . . .     Faith    .   a - +2 scale mail
rPois    .         Spirit   .   (no helmet)
rElec    .         Reflect  .   (no cloak)
rCorr    .         Harm     .   (no gloves)
MR       .....                  (no boots)
Stlth    +.........             (no amulet)
HPRegen  0.11/turn              (no ring)
MPRegen  0.11/turn              (no ring)

@: lethally poisoned (-1 -> -3), slowed, very slow
A: distributed training, fangs 1, strong nose
a: Renounce Religion


You were on level 3 of the Dungeon.
You worshipped Makhleb.
Makhleb was noncommittal.
You were not hungry.

You visited 1 branch of the dungeon, and saw 3 of its levels.

You collected 73 gold pieces.

Inventory:

Hand Weapons
 c - a +0 club
 t - a +0 hunting sling (weapon)
Missiles
 i - 107 stones (quivered)
Armour
 a - a +2 scale mail (worn)
Jewellery
 j - an uncursed ring of poison resistance {unknown}
 q - a +3 ring of evasion {unknown}
 s - an uncursed amulet of magic regeneration {unknown}
Scrolls
 e - a scroll of teleportation {unknown}
 f - a scroll of amnesia {unknown}
 g - a scroll of random uselessness {unknown}
 h - 3 scrolls of identify {unknown}
 k - a scroll of enchant armour {unknown}
 o - 2 scrolls of remove curse {unknown}
 p - a scroll of noise {unknown}
 w - a scroll of blinking {unknown}
Potions
 b - a potion of lignification
 l - 3 potions of curing {unknown}
 n - a potion of mutation {unknown}
 r - a potion of degeneration {unknown}
 u - a potion of brilliance {unknown}
 v - a potion of might {unknown}
Comestibles
 d - 3 rations
 m - 2 chunks of flesh


   Skills:
 + Level 2.8 Fighting
 + Level 1.2 Short Blades
 + Level 1.2 Long Blades
 + Level 1.2 Axes
 + Level 1.2 Maces & Flails
 + Level 1.2 Polearms
 + Level 1.2 Staves
 + Level 1.2 Slings
 + Level 1.2 Bows
 + Level 4.7 Crossbows
 + Level 2.8 Throwing
 + Level 4.7 Armour
 + Level 1.2 Dodging
 + Level 2.6 Stealth
 + Level 1.2 Shields
 + Level 1.2 Unarmed Combat
 + Level 3.0 Spellcasting
 + Level 1.0 Conjurations
 + Level 1.0 Hexes
 + Level 1.0 Charms
 + Level 1.0 Summonings
 + Level 1.0 Necromancy
 + Level 1.0 Translocations
 + Level 1.0 Transmutations
 + Level 1.0 Fire Magic
 + Level 1.0 Ice Magic
 + Level 3.9 Air Magic
 + Level 1.0 Earth Magic
 + Level 1.0 Poison Magic
 + Level 1.3 Invocations
 + Level 1.2 Evocations


You had 9 spell levels left.
You didn't know any spells.
Your spell library was empty.

Dungeon Overview and Level Annotations

Branches:
Dungeon (3/15)

Altars:
Makhleb
Yredelemnul


Innate Abilities, Weirdness & Mutations

Your experience applies equally to all skills.
You have very sharp teeth.
Your uncanny sense of smell can sniff out nearby items.


Message History

Your Hexes skill increases to level 1!
Your Charms skill increases to level 1!
Your Summonings skill increases to level 1!
Your Necromancy skill increases to level 1!
Your Translocations skill increases to level 1!
Your Transmutations skill increases to level 1!
Your Fire Magic skill increases to level 1!
Your Ice Magic skill increases to level 1!
Your Earth Magic skill increases to level 1!
Your Poison Magic skill increases to level 1!
The adder bites you.
* * * LOW HITPOINT WARNING * * *
You are lethally poisoned!
The adder poisons you! The adder bites you but does no damage.
The adder barely misses you.
* * * LOW HITPOINT WARNING * * *
You feel sick. The adder bites you but does no damage.
The adder closely misses you.
* * * LOW HITPOINT WARNING * * *
You feel sick. The adder bites you.
You die...

#.........'.....# ##.#
#.........###.#.#.(.
...........###.#.#.##.#
.#.........##.........#
.##+####.####.#.(#.##.#
#.# #.#..# #.# #.#..#
#.# #.##S# #.. .. #@#
#.# #.....# ..# #.....#
#.....# #.....# #......
#....#. #....+..


You could see an adder.

Vanquished Creatures
  Natasha (twice) (D:3)
  2 adders (D:2)
  A worm (D:3)
  2 leopard geckos (D:1)
  3 bats
  A giant cockroach (D:1)
  6 goblins
  4 hobgoblins
  6 frilled lizards
  4 kobolds (D:1)
  9 rats
40 creatures vanquished.

Notes
Turn   | Place    | Note
-------+----------+-------------------------------------------
     0 | D:1      | Forgol the Gnoll Wanderer began the quest for the Orb.
     0 | D:1      | Forgol set off with: a +2 scale mail, a potion of
                  | lignification, a +0 club, a ration
     0 | D:1      | Reached XP level 1. HP: 17/17 MP: 4/4
   331 | D:1      | Reached XP level 2. HP: 23/23 MP: 5/5
  1143 | D:1      | Reached XP level 3. HP: 26/28 MP: 7/7
  1567 | D:2      | Found a faded altar of an unknown god.
  1734 | D:2      | Found a basalt altar of Yredelemnul.
  1925 | D:2      | Reached skill level 1 in Invocations
  2019 | D:2      | Found a burning altar of Makhleb.
  2019 | D:2      | Noticed a cacodemon
  2022 | D:2      | Noticed a hellwing
  2022 | D:2      | Noticed a smoke demon
  2024 | D:2      | Became a worshipper of Makhleb the Destroyer
  2070 | D:2      | Reached skill level 1 in Short Blades
  2070 | D:2      | Reached skill level 1 in Long Blades
  2070 | D:2      | Reached skill level 1 in Axes
  2070 | D:2      | Reached skill level 1 in Maces & Flails
  2070 | D:2      | Reached skill level 1 in Polearms
  2070 | D:2      | Reached skill level 1 in Staves
  2070 | D:2      | Reached skill level 1 in Slings
  2070 | D:2      | Reached skill level 1 in Bows
  2070 | D:2      | Reached skill level 1 in Dodging
  2070 | D:2      | Reached skill level 1 in Shields
  2070 | D:2      | Reached skill level 1 in Unarmed Combat
  2070 | D:2      | Reached skill level 1 in Evocations
  2162 | D:3      | Reached XP level 4. HP: 26/34 MP: 8/8
  2235 | D:3      | Noticed Natasha
  2252 | D:3      | Killed Natasha
  2301 | D:3      | Noticed Natasha
  2316 | D:3      | Killed Natasha
  2316 | D:3      | Reached skill level 1 in Conjurations
  2316 | D:3      | Reached skill level 1 in Hexes
  2316 | D:3      | Reached skill level 1 in Charms
  2316 | D:3      | Reached skill level 1 in Summonings
  2316 | D:3      | Reached skill level 1 in Necromancy
  2316 | D:3      | Reached skill level 1 in Translocations
  2316 | D:3      | Reached skill level 1 in Transmutations
  2316 | D:3      | Reached skill level 1 in Fire Magic
  2316 | D:3      | Reached skill level 1 in Ice Magic
  2316 | D:3      | Reached skill level 1 in Earth Magic
  2316 | D:3      | Reached skill level 1 in Poison Magic
  2319 | D:3      | HP: 1/34 [poisoned by an adder]
  2319 | D:3      | Slain by an adder

Skill      XL: |  1  2  3  4 |
---------------+-------------+-----
Invocations    | 1 |  1.3
Short Blades   | 1 |  1.2
Long Blades    | 1 |  1.2
Axes           | 1 |  1.2
Maces & Flails | 1 |  1.2
Polearms       | 1 |  1.2
Staves         | 1 |  1.2
Slings         | 1 |  1.2
Bows           | 1 |  1.2
Dodging        | 1 |  1.2
Shields        | 1 |  1.2
Unarmed Combat | 1 |  1.2
Evocations     | 1 |  1.2
Spellcasting   | 3 |  3.0
Conjurations   | 1 |  1.0
Hexes          | 1 |  1.0
Charms         | 1 |  1.0
Summonings     | 1 |  1.0
Necromancy     | 1 |  1.0
Translocations | 1 |  1.0
Transmutations | 1 |  1.0
Fire Magic     | 1 |  1.0
Ice Magic      | 1 |  1.0
Earth Magic    | 1 |  1.0
Poison Magic   | 1 |  1.0
Fighting       | |  2.8
Crossbows      | |  4.7
Throwing       | |  2.8
Armour         | |  4.7
Stealth        | |  2.6
Air Magic      | |  3.9

Action                   |  1- 3 |  4- 6 || total
-------------------------+-------+-------++-------
Melee: Club              |   151 |       ||   151
       Bite              |    10 |       ||    10
 Fire: Hunting sling     |    35 |    36 ||    71
  Eat: Chunk             |     4 |     1 ||     5
Armor: Scale mail        |   112 |    22 ||   134
Dodge: Dodged            |   101 |    16 ||   117
